 Dungeon Crawl Stone Soup version 0.17-a0-1718-g72dbe4d (webtiles) character file.

10754 KambridgeKobold the Slicer (level 11, -1/74 HPs)
             Began as a Kobold Berserker on Aug 26, 2015.
             Was a High Priest of Trog.
             Slain by a spiny frog (14 damage)
             ... on level 1 of the Lair of Beasts.
             The game lasted 01:11:55 (14784 turns).

KambridgeKobold the Slicer (Kobold Berserker)      Turns: 14784, Time: 01:11:55

Health: -1/74      AC:  8    Str: 17    XL:     11   Next: 98%
Magic:  5/5        EV: 18    Int:  7    God:    Trog [*****.]
Gold:   256        SH:  7    Dex: 16    Spells: 0 memorised, 10 levels left

rFire  + . .     SeeInvis .     w - +1 short sword (antimagic)
rCold  + . .     Clarity  +     y - +0 troll leather armour
rNeg   + . .     SustAt   +     v - +1 buckler
rPois  +         Gourm    .     x - +1 hat
rElec  +         Spirit   .     (no cloak)
rCorr  +         Warding  .     d - +0 pair of gloves
rMut   .         Stasis   .     X - +0 pair of boots
MR     ++...                    e - amulet of faith
Stlth  +++++.....               N - ring of positive energy
                                C - ring of sustain attributes

@: exhausted, resistant, regenerating, slowed, very slow, very resistant to
hostile enchantments, quite stealthy
A: carnivore 3, clarity, robust 1
a: Burn Spellbooks, Berserk, Trog's Hand, Brothers in Arms, Renounce Religion


You were on level 1 of the Lair of Beasts.
You worshipped Trog.
Trog was extremely pleased with you.
You were very full.

You visited 2 branches of the dungeon, and saw 11 of its levels.
You also visited: Ossuary.

You collected 477 gold pieces.
You spent 221 gold pieces at shops.

Inventory:

Hand weapons
 a - a +2 dagger of speed
 b - a +2 dagger of venom
 l - a +0 hand crossbow
 w - a +1 antimagic short sword (weapon)
 Z - a +3 vampiric short sword
Missiles
 g - 5 tomahawks of returning
 r - 293 stones
 I - a throwing net (quivered)
 W - 9 sling bullets of frost
Armour
 d - a +0 pair of gloves (worn)
 v - a +1 buckler (worn)
 x - a +1 hat (worn)
 y - a +0 troll leather armour (worn)
 X - a +0 pair of boots (worn)
Jewellery
 e - an amulet of faith (around neck)
 f - an uncursed amulet of regeneration
 C - a ring of sustain attributes (left hand)
 N - a ring of positive energy (right hand)
Magical devices
 s - a wand of fire (6)
 J - a wand of draining (14)
 K - a wand of frost (27)
 T - a wand of lightning (10)
 Y - a wand of magic darts (38)
Scrolls
 k - 3 scrolls of enchant weapon
 q - 7 scrolls of remove curse
 F - a scroll of blinking
 H - 2 scrolls of magic mapping
 L - a scroll of recharging
 O - 2 scrolls of immolation
 P - 2 scrolls of noise
Potions
 h - a potion of magic {unknown}
 i - a potion of degeneration {unknown}
 o - a potion of resistance
 t - 2 potions of mutation {unknown}
 u - a potion of haste {unknown}
 z - 3 potions of berserk rage
 A - 3 potions of curing
 B - 6 potions of agility
 E - 3 potions of might
 G - 2 potions of lignification
 U - a potion of brilliance {unknown}
 V - a potion of cure mutation {unknown}
Books
 n - a book of Minor Magic

   Spells                             Type                      Level
   a - Magic Dart                     Conjuration                  1
   b - Blink                          Translocation                2
   c - Call Imp                       Summoning                    2
   d - Repel Missiles                 Charms/Air                   2
   e - Slow                           Hexes                        2
   f - Conjure Flame                  Conjuration/Fire             3
   g - Mephitic Cloud                 Conjuration/Poison/Air       3
   Trog disapproves of the use of such an item.
 Q - a book of Fire

   Spells                             Type                      Level
   a - Ignite Poison                  Fire/Transmutation/Poison    3
   b - Fireball                       Conjuration/Fire             5
   c - Bolt of Fire                   Conjuration/Fire             6
   d - Delayed Fireball               Conjuration/Fire             7
   e - Ring of Flames                 Charms/Fire                  7
   Trog disapproves of the use of such an item.
Comestibles
 c - 6 meat rations
 j - 9 slices of pizza
 m - 7 chunks of flesh
 p - 3 beef jerkies


   Skills:
 - Level 8.0 Fighting
 - Level 10.3 Short Blades
 + Level 6.8 Crossbows
 + Level 8.6 Throwing
 - Level 4.1 Armour
 + Level 7.0 Dodging
 - Level 10.1 Stealth
 - Level 3.1 Shields
 - Level 7.0 Evocations


You had 10 spell levels left.
You didn't know any spells.

Dungeon Overview and Level Annotations

Branches:
Dungeon (10/15)            Temple (0/1) D:4            Lair (1/8) D:8
    Orc (0/4) D:9

Altars:
Ashenzari
Dithmenos
Fedhas
Gozag
Kikubaaqudgha
Okawaru
Qazlal
Ru
Vehumet
Yredelemnul
Zin

Shops:
D:9 (

Annotations:
Lair:1 Erica, Fannar


Innate Abilities, Weirdness & Mutations

You are small and have problems with some larger weapons.
You are carnivorous and can eat meat at any time.
You possess an exceptional clarity of mind.
You are robust (+10% HP).


Message History

Your skin stops crawling.
You feel less resistant to hostile enchantments.
You block the spiny frog's attack. The ice beast misses you.
Use which ability? (? or * to list)
Your skin crawls.
You feel resistant to hostile enchantments.
You feel slightly less full. The spiny frog misses you.
Fannar hits you but does no damage. The ice beast completely misses you.
The spiny frog stings you!
* * * LOW HITPOINT WARNING * * *
Fannar hits you but does no damage.
You hit Fannar but do no damage.
Fannar is almost dead.
The ice beast hits you but does no damage.
The spiny frog stings you.
* * * LOW HITPOINT WARNING * * *
You barely miss Fannar.
Fannar is almost dead.
Fannar misses you. You block the ice beast's attack. The spiny frog stings you!
You die...

####### #......# # .
#############.≈≈≈≈%##### .Y.
#.#..# .......≈≈≈≈......
F....####....###....#.≈≈≈≈......
..............##....#.≈≈≈≈......
#.##...##.....F.......≈≈≈≈....##
#.#. #.....Y@......≈≈≈≈.#..## #
#. ####....e...#.≈≈≈≈.....# ♣.
#####P..........#..## ♣♣
##..)#...####..P.
#....#..........
#...............
.....##..........
###...##..........
#...#P...#.#....


You could see Fannar, a spiny frog and an ice beast.

Vanquished Creatures
  A hydra (D:9)
  2 hill giants (D:10)
  An ugly thing (D:9)
  An elephant (D:8)
  Psyche (D:9)
  3 trolls (D:9)
  A deep elf mage (D:10)
  A hippogriff (D:9)
  A wyvern (D:9)
  13 yaks
  A hungry ghost (D:7)
  An ice beast (D:10)
  3 water moccasins
  Duvessa (D:5)
  4 orc warriors
  A necrophage (D:9)
  3 sky beasts
  2 phantoms (D:9)
  3 ogres
  3 centaurs
  2 crocodiles
  Blork the orc (D:5)
  4 big kobolds
  2 gnoll sergeants
  Dowan (D:5)
  6 giant frogs
  3 scorpions
  A wyvern skeleton (D:9)
  3 water moccasin zombies (Ossuary)
  6 killer bees (D:9)
  A crimson imp (D:7)
  A giant frog zombie (D:7)
  A centaur skeleton (D:10)
  2 giant frog skeletons
  2 hounds
  2 orc priests
  9 worker ants
  4 iguanas
  11 orc wizards
  2 sheep (D:9)
  4 big kobold zombies (Ossuary)
  A hound zombie (D:5)
  2 mummies (Ossuary)
  A worker ant zombie (D:8)
  12 gnolls
  8 adders
  A shadow imp (D:5)
  6 adder zombies
  An ooze (D:2)
  2 adder skeletons
  3 worms
  A giant gecko (D:1)
  21 orcs
  5 giant cockroaches
  7 hobgoblins
  16 jackals
  10 kobolds
  2 quokkas
  2 ball pythons
  8 bats
  5 giant newts
  11 goblins
  3 hobgoblin zombies (Ossuary)
  A jackal zombie (D:6)
  2 kobold zombies (Ossuary)
  8 orc zombies (Ossuary)
  2 quokka skeletons
  2 quokka zombies
  7 rats
265 creatures vanquished.

Vanquished Creatures (others)
  6 plants (D:9)
6 creatures vanquished.

Grand Total: 271 creatures vanquished

Notes
Turn   | Place    | Note
--------------------------------------------------------------
     0 | D:1      | KambridgeKobold the Kobold Berserker began the quest for the Orb.
     0 | D:1      | Reached XP level 1. HP: 14/14 MP: 1/1
    24 | D:1      | Reached skill level 1 in Stealth
   379 | D:1      | Reached XP level 2. HP: 14/19 MP: 2/2
   845 | D:1      | Acquired Trog's second power
  1179 | D:1      | Reached XP level 3. HP: 23/23 MP: 3/3
  1763 | D:2      | Reached XP level 4. HP: 21/28 MP: 4/4
  2110 | D:3      | Reached skill level 5 in Stealth
  2878 | D:3      | Reached XP level 5. HP: 30/33 MP: 5/5
  3034 | D:4      | Found a sand-covered staircase.
  3041 | Ossuary  | Entered an ossuary
  3124 | Ossuary  | Reached skill level 1 in Shields
  3213 | Ossuary  | Reached XP level 6. HP: 33/39 MP: 6/6
  3503 | Ossuary  | Reached skill level 5 in Short Blades
  3508 | Ossuary  | Reached XP level 7. HP: 44/44 MP: 7/7
  3601 | D:4      | Reached skill level 5 in Fighting
  3717 | D:4      | Found a staircase to the Ecumenical Temple.
  3761 | D:4      | Found a shattered altar of Ashenzari.
  4362 | D:4      | Found a glowing silver altar of Zin.
  4467 | D:5      | Entered Level 5 of the Dungeon
  4583 | D:5      | Found a basalt altar of Yredelemnul.
  4597 | D:5      | Found an iron altar of Okawaru.
  4601 | D:5      | HP: 2/44 [centaur/arrow (6)]
  4873 | D:5      | Noticed Blork the orc
  4881 | D:5      | Killed Blork the orc
  4908 | D:5      | Reached skill level 5 in Dodging
  5230 | D:5      | Noticed Dowan
  5231 | D:5      | Noticed Duvessa
  5671 | D:5      | Reached skill level 6 in Short Blades
  5671 | D:5      | Reached XP level 8. HP: 49/51 MP: 8/8
  5675 | D:5      | Gained mutation: You possess an exceptional clarity of mind. [mutagenic meat]
  5676 | D:5      | Gained mutation: You are robust (+10% HP). [mutagenic meat]
  5716 | D:5      | Killed Duvessa
  5734 | D:5      | Killed Dowan
  6696 | D:6      | Found a stormy altar of Qazlal.
  7207 | D:7      | Reached skill level 7 in Stealth
  7300 | D:7      | Reached skill level 1 in Evocations
  7300 | D:7      | Reached XP level 9. HP: 55/61 MP: 9/9
  7619 | D:7      | Reached skill level 8 in Stealth
  8020 | D:7      | Found a shadowy altar of Dithmenos.
  8021 | D:7      | Found an ancient bone altar of Kikubaaqudgha.
  8059 | D:7      | Found a blossoming altar of Fedhas.
  8391 | D:7      | Found a sacrificial altar of Ru.
  8398 | D:7      | Found an opulent altar of Gozag.
  9421 | D:8      | Found a staircase to the Lair.
  9421 | D:8      | Noticed an elephant
  9471 | D:8      | Killed an elephant
  9471 | D:8      | Reached skill level 9 in Stealth
  9958 | D:8      | Acquired Trog's third power
  9958 | D:8      | Reached XP level 10. HP: 63/70 MP: 13/13
  9986 | D:8      | Found a radiant altar of Vehumet.
 10693 | D:9      | Reached skill level 5 in Evocations
 10978 | D:9      | Found a staircase to the Orcish Mines.
 11118 | D:9      | Reached skill level 10 in Stealth
 11426 | D:9      | Reached skill level 1 in Throwing
 11472 | D:9      | Found Tonaanuq's Antique Weapon Boutique.
 11475 | D:9      | Bought a runed short sword for 102 gold pieces
 11475 | D:9      | Bought a hand crossbow for 119 gold pieces
 11697 | D:9      | Noticed Psyche
 11835 | D:9      | Noticed a purple ugly thing
 12187 | D:9      | Reached skill level 1 in Crossbows
 12379 | D:9      | Killed Psyche
 12379 | D:9      | Reached XP level 11. HP: 74/74 MP: 16/16
 12511 | D:9      | Killed a purple ugly thing
 12511 | D:9      | Reached skill level 5 in Throwing
 12672 | D:9      | Noticed a two-headed hydra
 12748 | D:9      | Killed a two-headed hydra
 12748 | D:9      | Reached skill level 10 in Short Blades
 13168 | D:10     | Entered Level 10 of the Dungeon
 13188 | D:10     | Reached skill level 5 in Crossbows
 13226 | D:10     | Noticed a hill giant
 13230 | D:10     | Killed a hill giant
 13331 | D:10     | Noticed a hill giant
 13336 | D:10     | Killed a hill giant
 14433 | Lair:1   | Entered Level 1 of the Lair of Beasts
 14665 | Lair:1   | Noticed Erica
 14709 | Lair:1   | Noticed Fannar
 14784 | Lair:1   | Slain by a spiny frog

Vault maps used:
D:1:      lightli_arrival_boilingwater
D:4:      nicolae_overflow_hidden_temple, zin_scriptorium, temple_pool_b,
          nicolae_ossuary_entry_false_entrances
D:5:      grunt_temple_overflow_open, first_bread, uniq_blork_the_orc,
          uniq_duvessa
D:6:      nicolae_overflow_crystal_walls
D:7:      minitemple
D:8:      lemuel_coloured_pillars_altar, david_lair_generic
D:9:      orc_0_dummy, serial_shops, nicolae_shop_statue_plus, hangedman_ranch,
          uniq_psyche
Lair:1:   forest_paths, lemuel_fruit_tree, uniq_fannar, uniq_erica, uniq_grum
Ossuary:  ossuary_tomb_2

Action                   |  1- 3 |  4- 6 |  7- 9 | 10-12 || total
-------------------------+-------+-------+-------+-------++-------
Melee: Short sword       |    57 |       |       |   130 ||   187
       Dagger            |    75 |   229 |   575 |   863 ||  1742
Throw: Stone             |       |       |     4 |     3 ||     7
       Tomahawk          |       |       |       |     7 ||     7
Invok: Berserk           |     2 |     4 |     6 |     9 ||    21
       Trog's Hand       |     1 |     5 |     9 |    14 ||    29
  Use: Scroll            |       |     8 |    10 |     8 ||    26
       Potion            |       |       |     2 |     2 ||     4
 Stab: Sleeping          |     4 |    15 |    13 |    21 ||    53
       Distracted        |       |       |     1 |       ||     1
  Eat: Chunk             |     5 |    13 |    35 |    37 ||    90
       Royal jelly       |       |       |       |     1 ||     1
